 Dungeon Crawl Stone Soup version 0.30-a0-462-gd5975efbca (webtiles) character file.

Game seed: 17271013280855788143

63 Qupu the Changer (level 3, 0/16 HPs)
             Began as a Felid Transmuter on Dec 16, 2022.
             Shot with an arrow by a centaur (7 damage)
             ... on level 3 of the Dungeon.
             The game lasted 00:08:19 (2742 turns).

Qupu the Changer (Felid Transmuter)                 Turns: 2742, Time: 00:08:19

Health: 0/16       AC:  2    Str:  6    XL:     3   Next: 89%
Magic:  5/8        EV: 21    Int: 16    God:
Gold:   128        SH:  0    Dex: 21    Spells: 1/7 levels left
                                        Lives:  0   Deaths: 1

rFire   . . .      SeeInvis +      - Unarmed
rCold   . . .      Faith    .    (shield unavailable)
rNeg    . . .      Spirit   .    (body armour unavailable)
rPois   x          Reflect  .    (helmet unavailable)
rElec   .          Harm     .    (cloak unavailable)
rCorr   .          Rampage  .    (gloves unavailable)
Will    .....                    (boots unavailable)
Stlth   ++........               (no amulet)
HPRegen 0.22/turn                (no ring)
MPRegen 0.11/turn                (no ring)

@: spider-form
A: venomous fangs, tiny, (claws 1), (fangs 3), see invisible, (speed 1), (shaggy
fur 1), (stealthy paws), no weapons or thrown items, no armour, multi-lived
a: End Transformation


You were on level 3 of the Dungeon.
You were a venomous arachnid creature.
You visited 1 branch of the dungeon, and saw 3 of its levels.

You collected 128 gold pieces.

Inventory:

Missiles
 i - 2 throwing nets
Scrolls
 b - a scroll of enchant armour {unknown}
 c - 2 scrolls of teleportation
 g - a scroll of silence {unknown}
 h - a scroll of brand weapon {unknown}
 l - a scroll of amnesia {unknown}
 m - a scroll of magic mapping {unknown}
Potions
 a - a potion of lignification
 d - a potion of ambrosia {unknown}
 e - a potion of resistance
 f - a potion of degeneration {unknown}
 j - a potion of heal wounds {unknown}
 k - 2 potions of haste


   Skills:
 + Level 2.2 Fighting
 - Level 3.0 Dodging
 - Level 3.1 Unarmed Combat
 + Level 2.7 Spellcasting
 * Level 3.9 Transmutations
 + Level 1.1 Poison Magic


You had one spell level left.
You knew the following spells:

 Your Spells              Type           Power      Damage    Failure   Level
a - Beastly Appendage     Tmut           28%        N/A       12%         1
b - Wereblood             Tmut           14%        N/A       16%         2
x - Spider Form           Tmut/Pois      10%        N/A       41%         3

Your spell library contained the following spells:

 Spells                   Type           Power      Damage    Failure   Level
 Sandblast                Erth           4%         2d4       38%         1
 Slow                     Hex            8%         N/A       38%         1
 Passwall                 Tmut/Erth      6%         N/A       30%         2
 Confusing Touch          Hex            2%         N/A       71%         3
 Stone Arrow              Conj/Erth      4%         3d7       71%         3
 Vampiric Draining        Necr           2%         2d6       71%         3
 Ice Form                 Ice/Tmut       8%         N/A       82%         4


Dungeon Overview and Level Annotations

Branches:
Dungeon (3/15)

Altars:
Cheibriados

Shops:
D:2 =


Innate Abilities, Weirdness & Mutations

You are a venomous arachnid creature.
You have poisonous fangs.
You are tiny and dextrous.
Your spellcasting is less reliable in this form.
((You have sharp claws.))
((You have razor-sharp teeth.))
You have supernaturally acute eyesight. (SInv)
((You cover ground quickly. (Speed+)))
((You are covered in fur. (AC +1)))
((Your paws help you pounce on unaware monsters.))
You are incapable of wielding weapons or throwing items.
You cannot wear armour.
You gain extra lives every three experience levels.


Message History

You see here 15 gold pieces.
A frilled lizard is nearby!
You now have 128 gold pieces (gained 15).
A frilled lizard is nearby!
A ball python comes into view.
The frilled lizard closely misses you.
You scratch the frilled lizard.
You kill the frilled lizard!
The ball python hisses angrily.
A centaur comes into view.
A goblin comes into view. It is wielding a +0 club.
The centaur shouts!
The centaur wields a +0 shortbow.
The centaur shoots an arrow.
The arrow misses you.
The ball python bites you but does no damage.
The ball python grabs you. The ball python constricts you.
You take 1 damage, and have 18/19 hp.
You closely miss the ball python.
The goblin shouts!
Your claw misses the ball python.
The centaur shoots an arrow.
The arrow hits you!
Ouch! That really hurt!
The ball python bites you.
* * * LOW HITPOINT WARNING * * *
The ball python constricts you.
* * * LOW HITPOINT WARNING * * *
The centaur shoots an arrow.
The arrow misses you.
You take 13 damage, and have 5/19 hp.
MASSIVE DAMAGE!!
You escape the ball python's grasp.
The centaur shoots an arrow.
The arrow hits you!
Ouch! That really hurt!
You die...
You are now level 3!
You rejoin the land of the living...
Health restored: 16 You now have 8/8 mp.
Things that are here:
a giant cockroach corpse; a giant cockroach corpse; a giant cockroach corpse You see here a giant cockroach corpse.
The spell is astonishingly dangerous to miscast (21% risk of failure)!
Continue anyway?
You turn into a venomous arachnid creature.
You now have 5/8 mp.
The centaur shoots an arrow.
The arrow closely misses you.
The centaur shoots an arrow.
The arrow misses you.
The centaur shoots an arrow.
The arrow hits you!
Ouch! That really hurt!
You take 9 damage, and have 7/16 hp.
MASSIVE DAMAGE!!
The centaur shoots an arrow.
The arrow barely misses you.
The centaur shoots an arrow.
The arrow hits you!
You die...

.............#...##...### #..
##............###........) ...
#......._......# #.#....... ...
.##.#............###.#....... ...
..................#......... g..
#...###.....###...#......... ...
#...# #.....# #......#......
..g###...###.....###...#.........
...c............s................
...###......(..####..............
c..###.S†.gc..## #.###..........
...........S.## #†# #...##.....
...#.#..[....# ####†# #...# ##..
...#..####....##....###...# ..
#####. .....##....†.##...# ##
#>...#........# .#
##...#........#


You could see a centaur, a goblin and a ball python.

Vanquished Creatures
  4 gnolls (D:2)
  2 adders (D:2)
  An ufetubus (D:2)
  2 worms
  2 dart slugs
  5 endoplasms
  15 giant cockroaches
  3 goblins
  4 hobgoblins
  2 kobolds (D:1)
  3 quokkas
  2 ball pythons (D:1)
  3 bats (D:1)
  A frilled lizard (D:3)
  5 rats
54 creatures vanquished.

Notes
Turn   | Place    | Note
-------+----------+-------------------------------------------
     0 | D:1      | Qupu the Felid Transmuter began the quest for the Orb.
     0 | D:1      | Reached XP level 1. HP: 9/9 MP: 4/4
   246 | D:1      | Reached XP level 2. HP: 12/12 MP: 6/6
   270 | D:1      | Learned a level 2 spell: Wereblood
  1266 | D:2      | Reached XP level 3. HP: 15/15 MP: 7/7
  1270 | D:2      | Learned a level 3 spell: Spider Form
  1725 | D:2      | Reached XP level 4. HP: 3/19 MP: 3/8
  2361 | D:2      | Reached skill level 1 in Poison Magic
  2452 | D:2      | Found Sojuypre's Jewellery Shoppe.
  2653 | D:3      | Found a snail-covered altar of Cheibriados.
  2725 | D:3      | Noticed a centaur
  2732 | D:3      | Shot with an arrow by a centaur
  2733 | D:3      | Reached XP level 3. HP: -7/16 MP: 8/8
  2742 | D:3      | Shot with an arrow by a centaur

Illustrated notes

Levels and vault maps discovered:
D:1:      dpeg_arrival_prison, layout_basic, serial_forest,
          infiniplex_forest_clump_curved, infiniplex_forest_join,
          infiniplex_forest_lined_room_2, infiniplex_forest_straight_5,
          infiniplex_forest_straight_5, infiniplex_forest_clump_curved,
          minmay_misc_feat_nine_boxes
D:2:      layout_basic, serial_shops, nicolae_shop_advertising_works
          [nicolae_subvault_shop_adworks], minmay_misc_feat_diagonals
D:3:      minmay_roachtagon, layout_rooms, slow_altar_1, chequers_mini_garden

Skill      XL: |  1  2  3  4 |
---------------+-------------+-----
Dodging        | 3 |  3.0
Transmutations | 3 |  3.9
Fighting       | 2 |  2.2
Poison Magic   | 1 |  1.1
Unarmed Combat | |  3.1
Spellcasting   | |  2.7

Action                   |  1- 3 |  4- 6 || total
-------------------------+-------+-------++-------
Melee: Unarmed           |    87 |    76 ||   163
       Bite              |     4 |     9 ||    13
       Punch             |     3 |     1 ||     4
       Headbutt          |     2 |       ||     2
 Cast: Beastly Appendage |     6 |     3 ||     9
       Wereblood         |     1 |     1 ||     2
       Spider Form       |     2 |     2 ||     4
  Use: Scroll            |     1 |     2 ||     3
 Stab: Sleeping          |     5 |     1 ||     6
Armor: Skin              |     8 |     6 ||    14
Dodge: Dodged            |    60 |    51 ||   111

Table legend: (Time is in decaauts)
 A = Elapsed time spent in this place.
 B = Non-inter-level travel time spent in this place.
 C = Inter-level travel time spent in this place.
 D = Time resting spent in this place.
 E = Time spent auto-exploring this place.
 F = Levels seen in this place.
 G = Mean time per level.
                   A        B        C        D        E       F      G
               +--------+--------+--------+--------+--------+-----+--------+
         Total |   2383 |   2331 |     52 |    647 |   1216 |   3 |  794.3 |
       Dungeon |   2383 |   2331 |     52 |    647 |   1216 |   3 |  794.3 |
               +--------+--------+--------+--------+--------+-----+--------+

Top non-repeatable levels by time:
     D:1: 1247 daAuts
     D:2: 972 daAuts
     D:3: 164 daAuts
